[Event "Sunday 22 April Rapid Engine Tour 12+1 Rounds 9 Starts 1600ST"]
[Site "Infinity Chess"]
[Date "2018.4.22"]
[Round "1"]
[White "Dovahkiin"]
[Black "Gilgamesch"]
[Result "0-1"]
[ECO "C50"]
[WhiteElo "2382"]
[BlackElo "2467"]
[WhiteEngine "BrainFish_180418_x64_modern_CTG"]
[BlackEngine "BrainFish_180408_x64_bmi2"]
[EventType "Swiss"]
[WhiteTeam ""]
[BlackTeam ""]
[PlyCount "176"]
[TimeControl "720+1"]

1. e4 e5 2. Nf3 Nc6 3. Bc4 Bc5 4. O-O Nf6 5. d3 d6 6. c3 O-O 7. Re1 a5 
8. Bb3 Be6 9. Bg5 Bxb3 10. axb3 h6 11. Bh4 Re8 12. Nbd2 g5 13. Bg3 Qd7 
14. h3 Ba7 15. Nc4 Kg7 16. Nfd2 Ng8 17. Na3 d5 18. h4 dxe4 19. dxe4 Red8 
20. Nac4 Nf6 21. hxg5 hxg5 22. Qe2 Rh8 23. Nxe5 Rh6 24. Ndf3 Rah8 25. Kf1 Rh1+ 
26. Ng1 Qd6 27. Nef3 Qc5 28. Nd4 Re8 29. Nf5+ Kh7 30. e5 Nh5 31. Rad1 Ne7 
32. Qd3 Nxf5 33. Qxf5+ Kh6 34. Rd3 Rd8 35. Ree3 Qe7 36. Rf3 Rxd3 37. Qxd3 a4 
38. e6 Qxe6 39. Bxc7 g4 40. Rf5 g3 41. Rxh5+ Rxh5 42. Bf4+ Kg7 43. Qxg3+ Kf8 
44. Qf3 Qg6 45. g4 Rb5 46. Nh3 axb3 47. Kg2 Qc6 48. Ng5 Qxf3+ 49. Nxf3 Ke7 
50. Bc1 Rb6 51. Nd2 Re6 52. Kf1 Rf6 53. Ne4 Ra6 54. Ke2 Ke6 55. Nd2 Kd5 
56. f3 Re6+ 57. Ne4 b5 58. Be3 Bxe3 59. Kxe3 Kc4 60. g5 Re7 61. Ke2 b4 
62. cxb4 Kxb4 63. Kd3 Rc7 64. Nf6 Rc2 65. Nd5+ Kb5 66. Nc3+ Ka5 67. Nd1 Kb4 
68. Ke3 Kc4 69. f4 Rg2 70. Nf2 Rg1 71. Ke2 Kd4 72. Nd1 Rg2+ 73. Nf2 Rg3 
74. Nh1 Re3+ 75. Kf2 Rh3 76. Ng3 Rh2+ 77. Kf3 Rxb2 78. Nf5+ Kd3 79. Ne7 Re2 
80. Nd5 b2 81. Nc3 Re1 82. Kf2 Rc1 83. Kf3 Rxc3 84. f5 b1=Q 85. Kf4 Qb8+ 
86. Kg4 Ke4 87. g6 Qf4+ 88. Kh5 Rh3# 0-1

[Event "Sunday 22 April Rapid Engine Tour 12+1 Rounds 9 Starts 1600ST"]
[Site "Infinity Chess"]
[Date "2018.4.22"]
[Round "1"]
[White "angriff"]
[Black "Time_bandit"]
[Result "1/2-1/2"]
[ECO "D20"]
[WhiteElo "2397"]
[BlackElo "2475"]
[WhiteEngine "DracoREX 3.07 64BIT POPCNT_CTG"]
[BlackEngine "asmFishW_2018-04-11_bmi2"]
[EventType "Swiss"]
[WhiteTeam ""]
[BlackTeam ""]
[PlyCount "72"]
[TimeControl "720+1"]

1. d4 d5 2. c4 dxc4 3. e4 e5 4. Nf3 exd4 5. Bxc4 Nc6 6. O-O Be6 7. Bb5 Bc5 
8. b4 Bb6 9. a4 a6 10. Bxc6+ bxc6 11. a5 Ba7 12. Bb2 Nf6 13. Bxd4 Nxe4 
14. Bxa7 Qxd1 15. Rxd1 Rxa7 16. Nd4 c5 17. Nc6 Ra8 18. f3 Nf6 19. bxc5 h5 
20. h4 Rg8 21. Ra3 g5 22. Rad3 Bd7 23. Re3+ Kf8 24. Ne7 Rg7 25. Nd5 Nxd5 
26. Rxd5 Bc6 27. Rxg5 Rb8 28. Nc3 Rxg5 29. hxg5 Rb3 30. Kh2 Ra3 31. Kg3 Ra1 
32. Re5 Rxa5 33. Rf5 Bd7 34. Re5 Bc6 35. Rf5 Bd7 36. Re5 Bc6 1/2-1/2

[Event "Sunday 22 April Rapid Engine Tour 12+1 Rounds 9 Starts 1600ST"]
[Site "Infinity Chess"]
[Date "2018.4.22"]
[Round "1"]
[White "Marsell"]
[Black "MedusaV3"]
[Result "1/2-1/2"]
[ECO "C55"]
[WhiteElo "2476"]
[BlackElo "2412"]
[WhiteEngine "BrainFish_180418_x64_bmi2"]
[BlackEngine "Eman 1.70-beta23 64-bit BMI2_CTG"]
[EventType "Swiss"]
[WhiteTeam ""]
[BlackTeam ""]
[PlyCount "55"]
[TimeControl "720+1"]

1. e4 e5 2. Nf3 Nc6 3. Bc4 Nf6 4. d3 Bc5 5. c3 d6 6. O-O a5 7. Bg5 h6 8. Bh4 g5 
9. Bg3 O-O 10. a4 Kg7 11. Nbd2 Ba7 12. Re1 Ng8 13. Nf1 h5 14. h3 Nh6 15. d4 g4 
16. Bh4 f6 17. Ng3 Qe8 18. Nh2 Kh8 19. Rc1 Qg6 20. Bd5 gxh3 21. Qxh5 Ne7 
22. Bb3 Qg7 23. gxh3 Ng6 24. Kh1 Nf4 25. Qf3 Ng6 26. Qh5 Nf4 27. Qf3 Ng6 28. Qh5 
1/2-1/2

[Event "Sunday 22 April Rapid Engine Tour 12+1 Rounds 9 Starts 1600ST"]
[Site "Infinity Chess"]
[Date "2018.4.22"]
[Round "1"]
[White "ocirema"]
[Black "MarioDeMonti"]
[Result "1/2-1/2"]
[ECO "C55"]
[WhiteElo "2417"]
[BlackElo "2479"]
[WhiteEngine "stockfish_18041820_x64_modern_CTG"]
[BlackEngine "stockfish_x64_bmi2_2018_02_18_CTG"]
[EventType "Swiss"]
[WhiteTeam ""]
[BlackTeam ""]
[PlyCount "40"]
[TimeControl "720+1"]

1. e4 e5 2. Nf3 Nc6 3. Bc4 Nf6 4. d3 Bc5 5. c3 d6 6. O-O O-O 7. h3 a5 8. Re1 h6 
9. Nbd2 Be6 10. a4 Ba7 11. b3 d5 12. exd5 Nxd5 13. Ne4 Bb6 14. Bd2 f5 
15. Ng3 Qd6 16. Qc2 Rae8 17. Bc1 Bc5 18. Bd2 Bb6 19. Bc1 Bc5 20. Bd2 Bb6 1/2-1/2

[Event "Sunday 22 April Rapid Engine Tour 12+1 Rounds 9 Starts 1600ST"]
[Site "Infinity Chess"]
[Date "2018.4.22"]
[Round "1"]
[White "star99"]
[Black "SkyPilot"]
[Result "1/2-1/2"]
[ECO "C77"]
[WhiteElo "2487"]
[BlackElo "2448"]
[WhiteEngine "Cryptic Heroes 9.4B"]
[BlackEngine "stockfish_x64_bmi2_2018_04_07_CTG"]
[EventType "Swiss"]
[WhiteTeam ""]
[BlackTeam ""]
[PlyCount "176"]
[TimeControl "720+1"]

1. e4 e5 2. Nf3 Nc6 3. Bb5 a6 4. Ba4 Nf6 5. O-O Be7 6. d3 b5 7. Bb3 d6 8. a4 b4 
9. Nbd2 O-O 10. Nc4 Rb8 11. Be3 Be6 12. Qe2 Ng4 13. Ncd2 Nxe3 14. fxe3 Bd7 
15. Bc4 a5 16. Bb5 Bf6 17. Nc4 Ra8 18. Nfd2 g6 19. Qf3 Bg7 20. Nb3 Ra7 
21. Qf2 Qa8 22. c3 bxc3 23. bxc3 Be6 24. d4 Nb8 25. d5 Bd7 26. h3 Bxb5 
27. axb5 a4 28. b6 cxb6 29. Nbd2 Nd7 30. Nxd6 Qd8 31. Nb5 Ra8 32. Qe2 Nc5 
33. Kh2 Qd7 34. Rfb1 Ra5 35. Ra2 Rb8 36. c4 Rba8 37. Rba1 Bf8 38. Qd1 Qe7 
39. Qf1 Nb7 40. Nb1 Qd7 41. N1a3 Bc5 42. Qd3 Qe7 43. Rf2 Rf8 44. Nb1 a3 
45. N1c3 Nd6 46. Nxd6 Bxd6 47. Nb5 Bc5 48. Raf1 Rd8 49. Ra2 Qg5 50. Raa1 Qe7 
51. Rf2 Rd7 52. g3 Rd8 53. Raf1 Rd7 54. Kg2 Rd8 55. Ra1 Qg5 56. Rf3 Qe7 
57. Raf1 Raa8 58. Ra1 Rf8 59. Rff1 Rfc8 60. d6 Qe6 61. Rfd1 Ra4 62. Nxa3 Rca8 
63. Nc2 Rxa1 64. Nxa1 Ra3 65. Nb3 Ra2+ 66. Rd2 Rxd2+ 67. Qxd2 Qxd6 68. Qxd6 Bxd6 
69. Nc1 Bc5 70. Kf3 Kg7 71. Na2 Be7 72. Ke2 Kf6 73. Kf2 h5 74. Nc3 Ke6 
75. Nd5 Bd8 76. g4 hxg4 77. hxg4 Kd6 78. Ke2 Kd7 79. Kd3 Kc6 80. Nb4+ Kd6 
81. Nd5 Kc6 82. Nc3 Kc5 83. Na4+ Kb4 84. Nc3 Bg5 85. Nd5+ Kc5 86. Nc3 Kb4 
87. Nd5+ Kc5 88. Nc3 Kb4 1/2-1/2

[Event "Sunday 22 April Rapid Engine Tour 12+1 Rounds 9 Starts 1600ST"]
[Site "Infinity Chess"]
[Date "2018.4.22"]
[Round "1"]
[White "Thinker"]
[Black "Susanne"]
[Result "1/2-1/2 "]
[ECO "B32"]
[WhiteElo "2452"]
[BlackElo "2505"]
[WhiteEngine "stockfish_18041820_x64_modern_CTG"]
[BlackEngine "asmFishW_IX_bmi2_CTG"]
[EventType "Swiss"]
[WhiteTeam ""]
[BlackTeam ""]
[PlyCount "121"]
[TimeControl "720+1"]

1. e4 c5 2. Nf3 Nc6 3. d4 cxd4 4. Nxd4 e5 5. Nb5 d6 6. N1c3 a6 7. Na3 b5 
8. Nd5 Nf6 9. Bg5 Be7 10. Bxf6 Bxf6 11. c3 Rb8 12. Nc2 Bg5 13. a4 bxa4 
14. Ncb4 Nxb4 15. Nxb4 Bd7 16. Bxa6 Qa5 17. Qxd6 Rb6 18. Qd3 Be6 19. Bc4 Rxb4 
20. Bxe6 Rd4 21. Qf3 O-O 22. Bd5 Bd2+ 23. Ke2 Qa6+ 24. c4 Bb4 25. Rhd1 Rxd1 
26. Rxd1 Bc5 27. Rd2 g6 28. g4 Kg7 29. Kf1 Qa5 30. Qd1 Rb8 31. Kg2 Qd8 
32. Bxf7 Qf6 33. Bd5 Rf8 34. f3 h5 35. gxh5 Be3 36. Rc2 Qg5+ 37. Kh1 Qxh5 
38. c5 Rxf3 39. Bc4 Rg3 40. Qd7+ Kh6 41. Rg2 Rxg2 42. Kxg2 Qg5+ 43. Kh3 Bxc5 
44. Qg4 Qd2 45. Qe2 Qb4 46. Bb5 Bd4 47. Qd3 Qxb2 48. Bxa4 Qf2 49. Qg3 Qf1+ 
50. Kg4 Kg7 51. Bb3 Qf6 52. Qf3 Qd8 53. Bd5 Bb2 54. Qf7+ Kh6 55. Qf2 Qg5+ 
56. Kh3 Qh5+ 57. Qh4 Qxh4+ 58. Kxh4 Bd4 59. Kg4 Kg7 60. h3 Bc3 61. Bc4 1/2-1/2

[Event "Sunday 22 April Rapid Engine Tour 12+1 Rounds 9 Starts 1600ST"]
[Site "Infinity Chess"]
[Date "2018.4.22"]
[Round "1"]
[White "Katzenmaier"]
[Black "hafaba"]
[Result "1/2-1/2"]
[ECO "A20"]
[WhiteElo "2518"]
[BlackElo "2460"]
[WhiteEngine "Raubfisch ME262_GTZ17a."]
[BlackEngine "Eman 1.70-beta21 64-bit POPCNT_CTG"]
[EventType "Swiss"]
[WhiteTeam ""]
[BlackTeam ""]
[PlyCount "162"]
[TimeControl "720+1"]

1. c4 e5 2. e3 Nf6 3. Nc3 Bb4 4. Nge2 O-O 5. a3 Bxc3 6. Nxc3 d5 7. cxd5 Nxd5 
8. Be2 c5 9. O-O Nc6 10. b4 Be6 11. Nxd5 Qxd5 12. bxc5 Qxc5 13. Bb2 f6 14. f4 e4 
15. Rc1 Qe7 16. d4 Rac8 17. f5 Bd5 18. Qa4 Rfd8 19. Rc5 Kh8 20. Rfc1 Qd6 
21. Bf1 Rb8 22. Qc2 Ne7 23. g4 g6 24. fxg6 Rg8 25. Rc7 Rxg6 26. Qc5 Rxg4+ 
27. Kh1 Rbg8 28. Bh3 Qe6 29. Qxe7 Qf5 30. Bxg4 Rxg4 31. Qxh7+ Qxh7 
32. Rxh7+ Kxh7 33. Bc3 b5 34. Be1 Bc4 35. Rc2 Rg5 36. Rf2 Kg6 37. Rg2 Bf1 
38. Rg1 Bc4 39. Rg2 Kf5 40. Rxg5+ fxg5 41. Kg2 Bd5 42. h3 Kf6 43. Bb4 Kg6 
44. Be1 Kf5 45. Kg3 a6 46. Ba5 Be6 47. Bc3 Bg8 48. Be1 Bb3 49. Bf2 a5 50. Be1 b4 
51. axb4 a4 52. b5 a3 53. b6 a2 54. Bc3 Bd5 55. Kf2 Ke6 56. Kg3 Kf7 57. Kg4 Kg6 
58. h4 gxh4 59. Kxh4 Kf6 60. Kg3 Ke6 61. Ba1 Ke7 62. Kh2 Bb7 63. Kh3 Bc6 
64. Bc3 Kd7 65. Kg3 Bb7 66. Ba1 Kc6 67. Kf4 Kd5 68. Bb2 Ba6 69. Kf5 Bb7 
70. Ba1 Ba6 71. Kf6 Bc8 72. Bc3 Kc4 73. Bb2 Kb5 74. Ke5 Bb7 75. d5 Kxb6 
76. Bd4+ Kc7 77. Kxe4 Kd6 78. Be5+ Kc5 79. Bd4+ Kc4 80. Ba1 Ba8 81. Kf4 Kxd5 
1/2-1/2

[Event "Sunday 29 April 2nd Tour 7+2 Rounds 9 Starts 2200 ST"]
[Site "Infinity Chess"]
[Date "2018.4.30"]
[Round "8"]
[White "klasman"]
[Black "ocirema"]
[Result "1/2-1/2"]
[ECO "D30"]
[WhiteElo "2506"]
[BlackElo "2452"]
[WhiteEngine "asmFishW_2018-04-11_popcnt_CTG"]
[BlackEngine "asmFishW_9_popcnt"]
[EventType "Swiss"]
[WhiteTeam ""]
[BlackTeam ""]
[PlyCount "81"]
[TimeControl "420+2"]

1. d4 d5 2. c4 e6 3. Nf3 Nf6 4. Nc3 c6 5. Bg5 h6 6. Bh4 dxc4 7. e4 g5 8. Bg3 b5 
9. Be2 Bb7 10. h4 g4 11. Ne5 Nbd7 12. Bxg4 Nxe5 13. Bxe5 Rg8 14. Bf3 Nd7 
15. Bg3 Qb6 16. O-O O-O-O 17. Kh1 Bg7 18. Bh5 Rgf8 19. a4 b4 20. Ne2 Qa5 
21. Bf3 Ne5 22. Bxe5 Bxe5 23. Qc1 Bxd4 24. Nxd4 Rxd4 25. Qxh6 Rg8 26. Qh7 Qd8 
27. Rfd1 Rh8 28. Rxd4 Qf8 29. Qxh8 Qxh8 30. e5 Qxe5 31. Rad1 Ba6 32. Rd6 Bb7 
33. R6d4 Ba6 34. Kg1 c3 35. bxc3 bxc3 36. Rd6 Bb7 37. Rd8+ Kc7 38. R8d7+ Kc8 
39. Rd8+ Kc7 40. R8d7+ Kc8 41. Rd8+ 1/2-1/2

[Event "Sunday 29 April 2nd Tour 7+2 Rounds 9 Starts 2200 ST"]
[Site "Infinity Chess"]
[Date "2018.4.30"]
[Round "8"]
[White "Dovahkiin"]
[Black "Gilgamesch"]
[Result "0-1"]
[ECO "B90"]
[WhiteElo "2479"]
[BlackElo "2539"]
[WhiteEngine "BrainFish_180423_x64_modern_CTG"]
[BlackEngine "BrainFish_180408_x64_bmi2"]
[EventType "Swiss"]
[WhiteTeam ""]
[BlackTeam ""]
[PlyCount "114"]
[TimeControl "420+2"]

1. e4 c5 2. Nf3 d6 3. d4 cxd4 4. Nxd4 Nf6 5. Nc3 a6 6. Nb3 Nc6 7. Be3 e6 
8. g4 h6 9. Qe2 b5 10. O-O-O Ne5 11. f4 Nc4 12. Bg2 e5 13. h3 Bd7 14. Kb1 Be7 
15. fxe5 dxe5 16. Nd5 Rc8 17. Bc1 a5 18. Nd2 Nd6 19. Bf3 Nxd5 20. exd5 O-O 
21. Qxe5 Re8 22. Qh2 b4 23. Ne4 b3 24. cxb3 a4 25. b4 Qb6 26. Nc5 Qxb4 
27. Nxd7 Nc4 28. Qf2 Red8 29. g5 Bxg5 30. Bxg5 hxg5 31. Ne5 Nxe5 32. a3 Qf4 
33. Rhf1 Qf5+ 34. Ka1 Rc2 35. Qb6 Qf6 36. Qxf6 gxf6 37. Be4 Rc4 38. Bd3 Rc5 
39. Be4 Rc4 40. Bd3 Rh4 41. d6 Rxh3 42. Bb5 Rf3 43. Rfe1 Rb3 44. Rd5 Rxb5 
45. Rxb5 Rxd6 46. Re4 Kg7 47. Rxa4 Rd1+ 48. Ka2 Re1 49. b4 g4 50. Rc5 Re2+ 
51. Kb3 g3 52. Rc1 f5 53. Rg1 g2 54. b5 Nf3 55. Rxg2+ Rxg2 56. b6 Ne5 57. b7 Nd7 
0-1

[Event "Sunday 29 April 2nd Tour 7+2 Rounds 9 Starts 2200 ST"]
[Site "Infinity Chess"]
[Date "2018.4.30"]
[Round "8"]
[White "ludimilojko"]
[Black "Murx"]
[Result "0-1"]
[ECO "C55"]
[WhiteElo "2326"]
[BlackElo "2566"]
[WhiteEngine "stockfish_18042907_x64_CTG"]
[BlackEngine "asmFishW_2018-04-07_popcnt"]
[EventType "Swiss"]
[WhiteTeam ""]
[BlackTeam ""]
[PlyCount "86"]
[TimeControl "420+2"]

1. e4 e5 2. Nf3 Nc6 3. Bc4 Nf6 4. d3 Bc5 5. O-O d6 6. c3 O-O 7. Nbd2 a5 
8. Re1 a4 9. Bb5 Bd7 10. Nf1 Ng4 11. Re2 Ra5 12. Bg5 f6 13. Bc4+ Kh8 14. Bh4 b5 
15. Bd5 Ne7 16. b4 axb3 17. Bxb3 Bb6 18. d4 Qe8 19. Re1 Nh6 20. Ne3 Bc6 
21. Bc2 Ra3 22. Qd2 Ng6 23. Bg3 Qa8 24. Bb1 Qa5 25. Rc1 Ne7 26. Qb2 Nf7 
27. Nd2 Qa7 28. d5 Bd7 29. Re1 Nh6 30. Bh4 Ng6 31. Bg3 Nf4 32. h3 Ra8 
33. Kh1 Nh5 34. Bh2 g5 35. Bd3 Rxa2 36. Rxa2 Qxa2 37. Qc1 g4 38. hxg4 Bxe3 
39. fxe3 Nxg4 40. Be2 Rg8 41. Bxg4 Rxg4 42. Qd1 Kg7 43. Kg1 Rg6 0-1

[Event "Sunday 29 April 2nd Tour 7+2 Rounds 9 Starts 2200 ST"]
[Site "Infinity Chess"]
[Date "2018.4.30"]
[Round "8"]
[White "CoffeeOne"]
[Black "fsher"]
[Result "1-0"]
[ECO "B12"]
[WhiteElo "2558"]
[BlackElo "2398"]
[WhiteEngine "cfish-2018-04-29"]
[BlackEngine "stockfish_17060619_x64_modern_CTG"]
[EventType "Swiss"]
[WhiteTeam ""]
[BlackTeam ""]
[PlyCount "193"]
[TimeControl "420+2"]

1. e4 c6 2. d4 d5 3. e5 Bf5 4. Nf3 e6 5. Be2 Nd7 6. O-O Ne7 7. c3 h6 8. a4 a6 
9. b4 a5 10. Na3 Bg6 11. Qb3 Qb6 12. Bb2 Nf5 13. b5 Bh5 14. Rfe1 Qd8 15. h3 Bxf3 
16. Bxf3 Nb6 17. Bg4 Be7 18. bxc6 bxc6 19. Reb1 O-O 20. Bc1 Rb8 21. Qc2 Qd7 
22. Rb3 Rb7 23. Be2 c5 24. Rab1 Qc6 25. Qd1 Rfb8 26. Ba6 Ra7 27. Bf1 Rab7 
28. Bb5 Qc7 29. dxc5 Bxc5 30. Ba6 Qxe5 31. Bxb7 Rxb7 32. Bd2 Qg3 33. Qf3 Qd6 
34. Nc2 Rc7 35. Bf4 e5 36. Qg4 g6 37. Nd4 Nxd4 38. cxd4 Bxd4 39. Bxh6 Rc4 
40. Qg3 Rxa4 41. Rb5 Rb4 42. R1xb4 axb4 43. Qh4 f5 44. Bd2 Bc5 45. Ra5 b3 
46. Rb5 f4 47. Rxb3 d4 48. g3 Qd5 49. Rb1 fxg3 50. Qxg3 Kf7 51. Qh4 e4 
52. Qh7+ Kf6 53. Qc7 Nd7 54. Rb7 e3 55. Qd8+ Be7 56. Qxd7 Qxd7 57. Rxd7 exd2 
58. Rxd4 Bb4 59. Kf1 Kg7 60. Rd5 Ba5 61. Ke2 Bc3 62. Rd7+ Kh6 63. Kd1 Ba5 
64. Kc2 Bb4 65. f3 Ba5 66. h4 Bb4 67. Kb2 Be7 68. Kc3 Bxh4 69. Kxd2 Bf2 
70. Ke2 Bg3 71. Ke3 Kg5 72. Rf7 Kh6 73. f4 Bh4 74. Ke4 g5 75. f5 g4 76. Kf4 g3 
77. Kf3 Kg5 78. Rf8 g2 79. Kxg2 Be1 80. Kf3 Bd2 81. Ke4 Bb4 82. Rc8 Kf6 
83. Rc6+ Kg5 84. Rg6+ Kh5 85. Rg2 Bf8 86. f6 Ba3 87. Rg8 Bc1 88. Kf5 Kh4 
89. f7 Ba3 90. f8=Q Bxf8 91. Rxf8 Kg3 92. Kg5 Kh3 93. Kf4 Kg2 94. Kg4 Kh2 
95. Kf3 Kg1 96. Rh8 Kf1 97. Rh1# 1-0

[Event "Sunday 29 April 2nd Tour 7+2 Rounds 9 Starts 2200 ST"]
[Site "Infinity Chess"]
[Date "2018.4.30"]
[Round "8"]
[White "Katzenmaier"]
[Black "star99"]
[Result "1/2-1/2 "]
[ECO "C55"]
[WhiteElo "2514"]
[BlackElo "2518"]
[WhiteEngine "Raubfisch X38b1"]
[BlackEngine "Cryptic Heroes 9.4B"]
[EventType "Swiss"]
[WhiteTeam ""]
[BlackTeam ""]
[PlyCount "118"]
[TimeControl "420+2"]

1. e4 e5 2. Nf3 Nc6 3. Bc4 Nf6 4. d3 Bc5 5. c3 d6 6. O-O a5 7. Bg5 Ba7 
8. Nbd2 h6 9. Bh4 g5 10. Bg3 O-O 11. Bb3 Be6 12. a4 Qd7 13. Bc4 Qe7 14. Re1 Rab8 
15. Bb5 Kh7 16. Rb1 g4 17. Nh4 Nh5 18. Bxc6 bxc6 19. Nc4 Bb6 20. b3 Qf6 
21. Qc2 Kg8 22. b4 Rfc8 23. bxa5 Bc5 24. Kh1 Rd8 25. a6 Ra8 26. Na5 Nxg3+ 
27. fxg3 Rxa6 28. Nb7 Rda8 29. Rf1 Qg5 30. a5 Be3 31. Nf5 c5 32. Qe2 Bd2 
33. h4 gxh3 34. gxh3 Bxc3 35. h4 Qf6 36. Nfxd6 Qg7 37. Nf5 Bxf5 38. exf5 Bd4 
39. Rfc1 Kh8 40. Qf3 Rg8 41. Nxc5 Bxc5 42. Rxc5 Qxg3 43. Qxg3 Rxg3 44. Rxc7 Rxa5 
45. Rxf7 Ra4 46. Rb8+ Rg8 47. Rxg8+ Kxg8 48. Rf6 Rxh4+ 49. Kg1 Rf4 50. Rxh6 Rxf5 
51. Rg6+ Kf7 52. Rb6 Kg7 53. Rb7+ Kf6 54. Rb6+ Kg5 55. Re6 Kf4 56. Kf2 Rf8 
57. d4 Ke4+ 58. Ke1 Kxd4 59. Ke2 Ke4 1/2-1/2

[Event "Sunday 29 April 2nd Tour 7+2 Rounds 9 Starts 2200 ST"]
[Site "Infinity Chess"]
[Date "2018.4.30"]
[Round "7"]
[White "Gilgamesch"]
[Black "ludimilojko"]
[Result "1-0"]
[ECO "D30"]
[WhiteElo "2531"]
[BlackElo "2334"]
[WhiteEngine "BrainFish_180408_x64_bmi2"]
[BlackEngine "stockfish_18042907_x64_CTG"]
[EventType "Swiss"]
[WhiteTeam ""]
[BlackTeam ""]
[PlyCount "136"]
[TimeControl "420+2"]

1. d4 d5 2. c4 e6 3. Nf3 Nf6 4. Nc3 c6 5. e3 Nbd7 6. Qc2 Bd6 7. Bd3 O-O 
8. O-O dxc4 9. Bxc4 a6 10. Rd1 b5 11. Bd3 Bb7 12. Ng5 h6 13. Nge4 Bc7 14. a3 a5 
15. b3 Qe7 16. Bb2 Nd5 17. h3 Rfc8 18. Re1 Rab8 19. Rec1 Ra8 20. Rd1 Re8 
21. Ne2 Rac8 22. Nc5 Nxc5 23. dxc5 e5 24. Ng3 Rcd8 25. Bh7+ Kh8 26. Be4 g6 
27. Bf3 Nf6 28. b4 a4 29. Ne2 Qe6 30. Nc3 Bc8 31. g4 Kg7 32. Bg2 Kf8 
33. Rac1 Rxd1+ 34. Rxd1 Re7 35. Rf1 Ne8 36. Ne2 Nf6 37. Qc1 Nd5 38. e4 Nf4 
39. Nxf4 exf4 40. e5 g5 41. Qb1 Kg8 42. Rd1 Bd7 43. Be4 Qb3 44. Rd3 Qc4 
45. Rd2 Be8 46. Rd6 Qb3 47. Kh2 Bxd6 48. exd6 f5 49. Bd3 Rf7 50. Qe1 Qxb2 
51. Qxe8+ Kg7 52. Qe2 Qxe2 53. Bxe2 Kf6 54. Bf3 fxg4 55. hxg4 Rh7 56. Bxc6 h5 
57. gxh5 Rxh5+ 58. Kg2 Ke6 59. Bxb5 g4 60. Bxa4 Rh3 61. Bd1 f3+ 62. Kg1 Rh5 
63. Ba4 Rh8 64. d7 Rb8 65. c6 Kd6 66. b5 Kc7 67. Kh2 Rh8+ 68. Kg3 Rb8 1-0

[Event "Sunday 29 April 2nd Tour 7+2 Rounds 9 Starts 2200 ST"]
[Site "Infinity Chess"]
[Date "2018.4.30"]
[Round "7"]
[White "fsher"]
[Black "klasman"]
[Result "1/2-1/2"]
[ECO "C53"]
[WhiteElo "2393"]
[BlackElo "2511"]
[WhiteEngine "stockfish_17060619_x64_modern_CTG"]
[BlackEngine "asmFishW_2018-04-11_popcnt_CTG"]
[EventType "Swiss"]
[WhiteTeam ""]
[BlackTeam ""]
[PlyCount "95"]
[TimeControl "420+2"]

1. e4 e5 2. Nf3 Nc6 3. Bc4 Bc5 4. c3 Nf6 5. d3 d6 6. O-O O-O 7. b4 Bb6 8. a4 a5 
9. b5 Ne7 10. Nbd2 Ng6 11. Bb3 c6 12. Re1 cxb5 13. axb5 Bd7 14. Bc4 Rc8 
15. Qb3 Nh5 16. g3 Ngf4 17. gxf4 Nxf4 18. Nf1 Nh3+ 19. Kg2 Bxf2 20. Re2 Bb6 
21. Be3 Kh8 22. Kh1 f5 23. exf5 Bxf5 24. Rg2 Bxe3 25. Nxe3 Nf4 26. Rg3 Ne2 
27. Rg2 Nf4 28. Rg3 Ne2 29. Nxf5 Rxf5 30. Rh3 Qf8 31. Rf1 Nf4 32. Nh4 Rf6 
33. Rhf3 g5 34. Ng2 g4 35. Nxf4 gxf3 36. Nh5 a4 37. Qd1 Rf5 38. Be6 Rxh5 
39. Bxc8 Qxc8 40. Qxf3 Rh6 41. Ra1 Kg7 42. Rxa4 Qxc3 43. Qxb7+ Kf6 44. Qf3+ Ke6 
45. Qg4+ Kf6 46. Qf3+ Ke6 47. Qg4+ Kf6 48. Qf3+ 1/2-1/2

[Event "Sunday 29 April 2nd Tour 7+2 Rounds 9 Starts 2200 ST"]
[Site "Infinity Chess"]
[Date "2018.4.30"]
[Round "7"]
[White "CoffeeOne"]
[Black "ocirema"]
[Result "1-0"]
[ECO "B90"]
[WhiteElo "2545"]
[BlackElo "2465"]
[WhiteEngine "cfish-2018-04-29"]
[BlackEngine "asmFishW_9_popcnt"]
[EventType "Swiss"]
[WhiteTeam ""]
[BlackTeam ""]
[PlyCount "143"]
[TimeControl "420+2"]

1. e4 c5 2. Nf3 d6 3. d4 cxd4 4. Nxd4 Nf6 5. Nc3 a6 6. Be3 e5 7. Nb3 Be6 
8. Be2 Be7 9. Qd3 Nbd7 10. Nd5 O-O 11. O-O Bxd5 12. exd5 b6 13. a4 Nc5 
14. Nxc5 bxc5 15. c3 a5 16. f3 Rc8 17. b3 Nh5 18. g3 g6 19. Bh6 Ng7 20. Qd2 f5 
21. Rab1 Rf7 22. Kh1 Nh5 23. b4 f4 24. g4 Nf6 25. Ba6 Rc7 26. Bb5 axb4 
27. cxb4 cxb4 28. Rxb4 Bf8 29. Bg5 Rc5 30. Bh4 Qc7 31. Bc6 Qa5 32. Bf2 Rc4 
33. Be1 Qc5 34. g5 Nh5 35. Rxc4 Qxc4 36. Bb5 Qc8 37. a5 Be7 38. a6 Bd8 
39. Qf2 Ng7 40. Bd2 Nf5 41. Rc1 Rc7 42. Rxc7 Bxc7 43. a7 Qd8 44. Bd7 Kg7 
45. Bxf5 gxf5 46. Qh4 Qa8 47. Qh6+ Kg8 48. Qe6+ Kf8 49. Ba5 Bxa5 50. Qxd6+ Kf7 
51. Qe6+ Kg7 52. Qxe5+ Kf7 53. Qxf5+ Kg8 54. Qe6+ Kg7 55. Qe5+ Kf7 56. Qxf4+ Kg7 
57. Qe5+ Kf7 58. Qe6+ Kf8 59. Qd6+ Kg7 60. Qd7+ Kf8 61. Qxh7 Bc3 62. Qc7 Qxd5 
63. Qc8+ Kg7 64. a8=Q Qxa8 65. Qxa8 Bf6 66. Qb7+ Kg6 67. h4 Bxg5 68. hxg5 Kxg5 
69. Qf7 Kh6 70. Qg8 Kh5 71. Qg7 Kh4 72. Qg4# 1-0

[Event "Sunday 29 April 2nd Tour 7+2 Rounds 9 Starts 2200 ST"]
[Site "Infinity Chess"]
[Date "2018.4.30"]
[Round "7"]
[White "Katzenmaier"]
[Black "Murx"]
[Result "1/2-1/2 "]
[ECO "C50"]
[WhiteElo "2512"]
[BlackElo "2568"]
[WhiteEngine "Raubfisch X38b1"]
[BlackEngine "asmFishW_2018-04-07_popcnt"]
[EventType "Swiss"]
[WhiteTeam ""]
[BlackTeam ""]
[PlyCount "258"]
[TimeControl "420+2"]

1. e4 e5 2. Nf3 Nc6 3. Bc4 Bc5 4. O-O d6 5. c3 Nf6 6. d3 a5 7. Bg5 Ba7 
8. Nbd2 h6 9. Bh4 g5 10. Bg3 O-O 11. Bb3 Be6 12. a4 Qe7 13. Nc4 Qd7 14. Re1 Rae8 
15. Ne3 Ne7 16. Bc2 Bxe3 17. Rxe3 Ng6 18. d4 Qe7 19. h3 Bd7 20. b4 b6 
21. Rb1 Rb8 22. Re1 Rfc8 23. Qd2 Kg7 24. Re3 c5 25. b5 Rc7 26. Bd1 Nf4 
27. Bb3 N6h5 28. Rbe1 Re8 29. Bd1 Qf6 30. Bh2 Bc8 31. Kh1 Qg6 32. Ng1 Kh7 
33. f3 Rg8 34. Bc2 Qf6 35. d5 Ng7 36. Ne2 Nxe2 37. R1xe2 Nh5 38. Kg1 Nf4 
39. Rf2 Rf8 40. c4 Qg7 41. Rf1 f5 42. Kf2 fxe4 43. Bxe4+ Bf5 44. Bxf5+ Rxf5 
45. Kg1 Qg6 46. Bg3 Rf8 47. Be1 Rg7 48. Qd1 h5 49. Bd2 Qf5 50. Re4 Kg6 
51. Qb1 Kf6 52. Ree1 Qxb1 53. Rxb1 Kg6 54. Rbe1 h4 55. Re3 Rfg8 56. Kf2 Re7 
57. Rfe1 Rf7 58. Rb1 Rgf8 59. Rbb3 Re8 60. Re4 Kf6 61. Re1 Rg8 62. Ra3 Kg6 
63. Ree3 Kf5 64. Re4 Kg6 65. Re1 Rh8 66. Rb3 Nh5 67. Rc3 Kf5 68. Rb3 Kf6 
69. Ra3 Kf5 70. Rc3 Ng3 71. Rg1 Rhf8 72. Re1 Nh5 73. Rg1 Nf4 74. Re1 Rh8 
75. Bc1 Rfh7 76. Ra3 Kf6 77. Bd2 Rf8 78. Rb3 Kf5 79. Re4 Re8 80. Rb1 Rf7 
81. Rb3 Rh8 82. Re1 Rg8 83. Be3 Rfg7 84. Ra3 Ra8 85. Bd2 Rag8 86. Kg1 Kf6 
87. Kf2 Rf7 88. Be3 Re7 89. Bc1 Rge8 90. Bd2 Rg7 91. Rc3 Rf7 92. Re4 Rh7 
93. Re1 Rhe7 94. Rb3 Kf5 95. Kg1 Rh7 96. Kf1 Rf7 97. Kg1 Rfe7 98. Rbe3 Kg6 
99. Kf2 Rf7 100. Kf1 Ref8 101. Kf2 Nh5 102. Rc3 Ng3 103. Ra3 Re8 104. Rae3 e4 
105. Rc3 Ref8 106. Rce3 Re7 107. Bc1 Re5 108. Bb2 Re7 109. Rc3 Rd7 110. Rce3 Re7 
111. Rc3 Rd7 112. Bc1 Rdf7 113. Bd2 Re7 114. Rce3 Kf5 115. Rb3 Kf6 116. Rbe3 Kf7 
117. Kg1 Kg6 118. Kf2 Rfe8 119. Bc3 Rf7 120. Bd2 Re5 121. Bc3 Ree7 122. Bb2 Rf4 
123. Bc1 Rd7 124. Bd2 Kh5 125. Rc3 Rff7 126. Ra3 Rde7 127. Rae3 Kg6 128. Bc3 Kh7 
129. Bb2 Re8 1/2-1/2